 Dungeon Crawl Stone Soup version 0.31-a0-1074-g0b22e4e0f1 (webtiles) character file.

Game seed: 14857409686504852482

163 Hubris850 the Slasher (level 5, -1/47 HPs)
             Began as a Gnoll Cinder Acolyte on Dec 5, 2023.
             Was a High Priest of Ignis.
             Slain by a gnoll
             ... wielding a +0 flail
              (12 damage)
             ... on level 3 of the Dungeon.
             The game lasted 00:05:35 (2617 turns).

Hubris850 the Slasher (Gnoll Cinder Acolyte)        Turns: 2617, Time: 00:05:36

Health: -1/47      AC:  4    Str: 16    XL:     5   Next: 44%
Magic:  2/9        EV: 11    Int: 13    God:    Ignis [*****.]
Gold:   118        SH:  0    Dex:  7    Spells: 8/10 levels left

rFire   + . .        n - +0 long sword
rCold   . . .        (no shield)
rNeg    . . .        g - +0 leather armour
rPois   .            (no helmet)
rElec   .            d - +0 cloak
rCorr   .            (no gloves)
SInv    .            (no boots)
Will    .....        (no amulet)
Stlth   +            (no ring)
HPRegen 0.27/turn    (no ring)
MPRegen 0.11/turn

%: no passive effects
@: no status effects
A: fangs 1, strong nose, distributed training, mutation resistance 1, MP-powered
wands
a: Renounce Religion, Fiery Armour, Foxfire Swarm, Rising Flame


You were on level 3 of the Dungeon.
You worshipped Ignis.
Ignis was extremely pleased with you.
You visited 1 branch of the dungeon, and saw 3 of its levels.

You collected 118 gold pieces.

Inventory:

Hand Weapons
 a - a -1 falchion of flaming
 n - a +0 long sword (weapon)
Missiles
 f - 2 poisoned darts
Armour
 b - a +0 robe
 d - a +0 cloak (worn)
 g - a +0 leather armour (worn)
Magical Staves
 j - a staff of cold
Scrolls
 e - a scroll of enchant armour {unknown}
 h - a scroll of noise {unknown}
 k - a scroll of fog {unknown}
 m - a scroll of amnesia {unknown}
Potions
 c - a potion of mutation
 i - a potion of berserk rage {unknown}
 l - a potion of enlightenment {unknown}


   Skills:
 + Level 6.7 Fighting
 + Level 1.5 Short Blades
 + Level 6.7 Long Blades
 + Level 1.5 Axes
 + Level 1.5 Maces & Flails
 + Level 1.5 Polearms
 + Level 1.5 Staves
 + Level 1.5 Ranged Weapons
 + Level 1.5 Throwing
 + Level 1.5 Armour
 + Level 1.5 Dodging
 + Level 1.5 Stealth
 + Level 1.5 Shields
 + Level 1.5 Unarmed Combat
 + Level 3.2 Spellcasting
 + Level 1.2 Conjurations
 + Level 1.2 Hexes
 + Level 1.2 Summonings
 + Level 1.2 Necromancy
 + Level 1.2 Translocations
 + Level 1.2 Transmutations
 + Level 5.5 Fire Magic
 + Level 1.2 Ice Magic
 + Level 1.2 Air Magic
 + Level 1.2 Earth Magic
 + Level 1.2 Poison Magic
 + Level 1.7 Invocations
 + Level 1.5 Evocations
 + Level 1.3 Shapeshifting


You had 8 spell levels left.
You knew the following spells:

 Your Spells              Type           Power      Damage    Failure   Level
a - Scorch                Fire           32%        2d6       4%          2

Your spell library contained the following spells:

 Spells                   Type           Power      Damage    Failure   Level
 Summon Small Mammal      Summ           20%        N/A       17%         1
 Call Canine Familiar     Summ           5%         N/A       45%         3
 Summon Guardian Golem    Hex/Summ       5%         N/A       45%         3


Dungeon Overview and Level Annotations

Branches:
Dungeon (3/15)

Altars:
Gozag

Shops:
D:2 [


Innate Abilities, Weirdness & Mutations

You have very sharp teeth.
Your uncanny sense of smell can sniff out nearby items.
Your experience applies equally to all skills.
You are somewhat resistant to further mutation.
You expend magic power (3 MP) to strengthen your wands.


Message History

Flames lash the gnoll.
The gnoll is heavily wounded.
The gnoll's fire resistance burns away.
You hear a shout!
The hobgoblin closely misses you.
Flames lash the hobgoblin.
You kill the hobgoblin!
Flames lash the gnoll.
The gnoll is burned terribly!
You kill the gnoll!
You hear a shout!
The gnoll is no longer more vulnerable to fire.
A gnoll comes into view. It is wielding a +0 spear.
You don't have enough magic to cast this spell.
The gnoll closely misses you. The gnoll hits you with a +0 flail!
You see here a hobgoblin corpse.
You closely miss the gnoll. Your punch misses the gnoll. You bite the gnoll.
The gnoll is moderately wounded.
The gnoll hits you from afar with a +0 spear.
The gnoll closely misses you.
You hit the gnoll.
The gnoll is heavily wounded.
The gnoll barely misses you. The gnoll hits you with a +0 flail!
You are too injured to fight recklessly!
You are too injured to fight recklessly!
You are too injured to fight recklessly!
You barely miss the gnoll.
The gnoll is heavily wounded.
The gnoll hits you with a +0 flail.
A gnoll comes into view. It is wielding a +0 flail.
The gnoll hits you from afar with a +0 spear.
* * * LOW HITPOINT WARNING * * *
You hit the gnoll.
The gnoll is severely wounded.
The gnoll hits you from afar with a +0 spear.
* * * LOW HITPOINT WARNING * * *
The gnoll closely misses you.
You barely miss the gnoll.
The gnoll is severely wounded.
The gnoll hits you with a +0 flail!
You die...

#.....# #.#
####### #.# #.#
#.# #.# #.#
#######.#
#g######.......#
#ggg@....#######
##########


You could see 4 gnolls.

Vanquished Creatures
  2 gnolls
  6 adders
  2 worms (D:2)
  A dart slug (D:2)
  9 ball pythons
  7 bats
  9 endoplasms
  3 giant cockroaches
  7 goblins
  5 hobgoblins
  4 jackals (D:2)
  4 kobolds
  7 quokkas
  3 frilled lizards
  8 rats
77 creatures vanquished.

Vanquished Creatures (others)
  17 foxfires (D:2)
17 creatures vanquished.

Grand Total: 94 creatures vanquished

Notes
Turn   | Place    | Note
-------+----------+-------------------------------------------
     0 | D:1      | Hubris850 the Gnoll Cinder Acolyte began the quest for the
                  | Orb.
     0 | D:1      | Reached XP level 1. HP: 23/23 MP: 4/4
    22 | D:1      | Reached XP level 2. HP: 27/29 MP: 5/5
   298 | D:1      | Learned a level 2 spell: Scorch
   442 | D:1      | Reached XP level 3. HP: 35/35 MP: 4/7
   625 | D:1      | Found a faded altar of an unknown god.
   719 | D:1      | Reached skill level 1 in Invocations
  1291 | D:2      | Reached skill level 1 in Short Blades
  1291 | D:2      | Reached skill level 1 in Axes
  1291 | D:2      | Reached skill level 1 in Maces & Flails
  1291 | D:2      | Reached skill level 1 in Polearms
  1291 | D:2      | Reached skill level 1 in Staves
  1291 | D:2      | Reached skill level 1 in Ranged Weapons
  1291 | D:2      | Reached skill level 1 in Throwing
  1291 | D:2      | Reached skill level 1 in Armour
  1291 | D:2      | Reached skill level 1 in Dodging
  1291 | D:2      | Reached skill level 1 in Stealth
  1291 | D:2      | Reached skill level 1 in Shields
  1291 | D:2      | Reached skill level 1 in Unarmed Combat
  1291 | D:2      | Reached skill level 1 in Evocations
  1292 | D:2      | Reached skill level 1 in Shapeshifting
  1292 | D:2      | Reached XP level 4. HP: 41/41 MP: 8/8
  1294 | D:2      | Found Dufir's Armour Shoppe.
  1401 | D:2      | Found an opulent altar of Gozag.
  1535 | D:2      | Reached skill level 1 in Conjurations
  1535 | D:2      | Reached skill level 1 in Hexes
  1535 | D:2      | Reached skill level 1 in Summonings
  1535 | D:2      | Reached skill level 1 in Necromancy
  1535 | D:2      | Reached skill level 1 in Translocations
  1535 | D:2      | Reached skill level 1 in Transmutations
  1535 | D:2      | Reached skill level 1 in Ice Magic
  1535 | D:2      | Reached skill level 1 in Air Magic
  1535 | D:2      | Reached skill level 1 in Earth Magic
  1535 | D:2      | Reached skill level 1 in Poison Magic
  1885 | D:2      | Reached XP level 5. HP: 19/47 MP: 5/9
  1909 | D:2      | Gained mutation: You expend magic power (3 MP) to
                  | strengthen your wands. [potion of mutation]
  1909 | D:2      | Gained mutation: You are somewhat resistant to further
                  | mutation. [potion of mutation]
  1913 | D:2      | HP: 3/70 [poisoned by an adder]
  2617 | D:3      | Slain by a gnoll

Illustrated notes

Levels and vault maps discovered:
D:1:      heliophobic_arrival_glass_houses, layout_basic,
          shapermc_ecumenical_altar_petra
D:2:      minmay_diamond_boxcup, layout_basic, basic_altar, serial_shops, shop,
          nrook_mini_vaults
D:3:      layout_loops_cross, mainiacjoe_overflow_concentric_impassable

Skill      XL: |  1  2  3  4 |
---------------+-------------+-----
Invocations    | 1 |  1.7
Short Blades   | 1 |  1.5
Axes           | 1 |  1.5
Maces & Flails | 1 |  1.5
Polearms       | 1 |  1.5
Staves         | 1 |  1.5
Ranged Weapons | 1 |  1.5
Throwing       | 1 |  1.5
Armour         | 1 |  1.5
Dodging        | 1 |  1.5
Stealth        | 1 |  1.5
Shields        | 1 |  1.5
Unarmed Combat | 1 |  1.5
Evocations     | 1 |  1.5
Shapeshifting  | 1 |  1.3
Spellcasting   | 3 |  3.2
Conjurations   | 1 |  1.2
Hexes          | 1 |  1.2
Summonings     | 1 |  1.2
Necromancy     | 1 |  1.2
Translocations | 1 |  1.2
Transmutations | 1 |  1.2
Ice Magic      | 1 |  1.2
Air Magic      | 1 |  1.2
Earth Magic    | 1 |  1.2
Poison Magic   | 1 |  1.2
Fighting       | |  6.7
Long Blades    | |  6.7
Fire Magic     | |  5.5

Action                     |  1- 3 |  4- 6 || total
---------------------------+-------+-------++-------
  Melee: Falchion          |    76 |   128 ||   204
         Bite              |     5 |     5 ||    10
         Punch             |     3 |     1 ||     4
         Long sword        |       |    16 ||    16
   Cast: Scorch            |     9 |    10 ||    19
 Invoke: Fiery Armour      |     1 |       ||     1
         Foxfire Swarm     |     1 |       ||     1
    Use: Potion            |       |     2 ||     2
 Armour: Robe              |    22 |       ||    22
         Leather armour    |    20 |    79 ||    99
  Dodge: Dodged            |    44 |   109 ||   153

Table legend: (Time is in decaauts)
 A = Elapsed time spent in this place.
 B = Non-inter-level travel time spent in this place.
 C = Inter-level travel time spent in this place.
 D = Time resting spent in this place.
 E = Time spent auto-exploring this place.
 F = Levels seen in this place.
 G = Mean time per level.
                   A        B        C        D        E       F      G
               +--------+--------+--------+--------+--------+-----+--------+
         Total |   2610 |   2537 |     73 |    223 |   1827 |   3 |  870.0 |
       Dungeon |   2610 |   2537 |     73 |    223 |   1827 |   3 |  870.0 |
               +--------+--------+--------+--------+--------+-----+--------+

Top non-repeatable levels by time:
     D:1: 1254 daAuts
     D:2: 1018 daAuts
     D:3: 337 daAuts
